 Dungeon Crawl Stone Soup version 0.27-a0-965-gbf8bb431c4 (webtiles) character file.

Game seed: 11182147521541937653

114 spiderkeys the Gusty (level 4, -13/26 HPs)
             Began as a Tengu Air Elementalist on Apr 12, 2021.
             Killed by divine providence
             ... invoked by an orc priest
              (16 damage)
             ... on level 4 of the Dungeon.
             The game lasted 00:04:10 (3603 turns).

spiderkeys the Gusty (Tengu Air Elementalist)       Turns: 3603, Time: 00:04:11

Health: -13/26     AC:  3    Str:  8    XL:     4   Next: 98%
Magic:  8/9        EV: 13    Int: 17    God:
Gold:   129        SH:  0    Dex: 14    Spells: 5/8 levels left

rFire    . . .     SeeInvis .   c - +0 morningstar
rCold    . . .     Faith    .   (no shield)
rNeg     . . .     Spirit   .   a - +0 robe
rPois    .         Reflect  .   (helmet restricted)
rElec    .         Harm     .   (no cloak)
rCorr    .         Rampage  .   f - +0 pair of gloves
Will     .....                  (boots unavailable)
Stlth    +.........             (no amulet)
HPRegen  0.08/turn              (no ring)
MPRegen  0.11/turn              (no ring)

@: confused
A: beak, talons 3
a: no special abilities


You were on level 4 of the Dungeon.
You visited 1 branch of the dungeon, and saw 4 of its levels.

You collected 129 gold pieces.

Inventory:

Hand Weapons
 c - a +0 morningstar (weapon)
Armour
 a - a +0 robe (worn)
 f - a +0 pair of gloves (worn)
Jewellery
 l - a ring of magical power
Scrolls
 e - a scroll of silence {unknown}
 g - a scroll of enchant weapon {unknown}
 h - a scroll of amnesia {unknown}
 i - a scroll of teleportation {unknown}
 k - a scroll of magic mapping {unknown}
Potions
 b - a potion of degeneration {unknown}
 d - a potion of haste
 j - a potion of heal wounds {unknown}


   Skills:
 + Level 1.6 Fighting
 + Level 3.1 Dodging
 - Level 2.0 Stealth
 + Level 2.7 Spellcasting
 + Level 2.8 Conjurations
 + Level 4.8 Air Magic


You had 5 spell levels left.
You knew the following spells:

 Your Spells              Type           Power      Damage    Failure   Level
a - Shock                 Conj/Air       60%        1d6       3%          1
b - Swiftness             Air            18%        N/A       3%          2

Your spell library contained the following spells:

 Spells                   Type           Power      Damage    Failure   Level
 Magic Dart               Conj           48%        1d5       5%          1
 Static Discharge         Conj/Air       15%        N/A       11%         3
 Mephitic Cloud           Conj/Pois/Air  11%        N/A       19%         3
 Airstrike                Air            9%         N/A       24%         4
 Blink                    Tloc           N/A        N/A       26%         2
 Call Imp                 Summ           2%         N/A       26%         2
 Slow                     Hex            2%         N/A       26%         2
 Conjure Flame            Conj/Fire      7%         6-21      30%         3
 Lightning Bolt           Conj/Air       7%         1d20      71%         5


Dungeon Overview and Level Annotations

Branches:
Dungeon (4/15)
 Temple: D:4-7

Altars:

Annotations:
D:3 1 runed translucent door, bisexualwizard's ghost, weakling MiGl


Innate Abilities, Weirdness & Mutations

You have a beak for a mouth.
You have claws for feet.


Message History

Found a scroll labelled CATTIY YTOONA.
The ball python bites you but does no damage.
The ball python closely misses you.
You hit the ball python.
You kill the ball python!
No target in view!
Found a stone staircase leading up.
You pick up a book of Minor Magic and begin reading...
You add the spells Magic Dart, Blink, Call Imp, Slow, Conjure Flame and Mephitic Cloud to your library.
Found a stone staircase leading up.
k - a scroll labelled CATTIY YTOONA
Found an escape hatch in the ceiling.
l - a ring of magical power
Okay, then.
You now have 129 gold pieces (gained 17).
Found a leather armour.
An orc priest and 2 orc wizards come into view.
There are monsters nearby!
The zap hits the orc priest.
The orc priest is lightly wounded.
The orc priest shouts!
The orc wizard shouts! x2; You hear a shout!
You miscast Shock.
You are very lightly contaminated with residual magic.
Nothing appears to happen.
An adder comes into view.
The orc priest casts a cantrip, but nothing happens.
The orc priest invokes the aid of Beogh against you.
Pain shoots through your body!
Ouch! That really hurt!
Your magical contamination has completely faded away.
The orc priest mumbles some strange prayers to Beogh against you.
Beogh smites you!
* * * LOW HITPOINT WARNING * * *
There is an escape hatch in the ceiling here.
The orc wizard casts a spell at you.
You are confused.
The orc priest invokes the aid of Beogh against you.
Beogh smites you!
Ouch! That really hurt!
You die...

..............
.#.#.#........
........#.....
.#.#.#..# #######
.......## ###...
.#.#.#.#####....
........#.....#
.#.#.#.......#####
................@##
####..............#
# ##.............##
#..............#
###
##.............#
..# ##.........o..#
..# #...........###
.# ###.......#.o.#
.#
##....#####...o....


You could see an orc priest and an orc wizard.

Vanquished Creatures
  Robin (D:3)
  2 adders (D:2)
  A dart slug (D:2)
  An orc (D:3)
  9 ball pythons
  6 endoplasms
  A giant cockroach (D:1)
  15 goblins
  6 hobgoblins
  8 jackals
  3 kobolds
  5 quokkas
  3 bats
  2 frilled lizards
  4 rats
  A rat zombie (D:4)
68 creatures vanquished.

Notes
Turn   | Place    | Note
-------+----------+-------------------------------------------
     0 | D:1      | spiderkeys the Tengu Air Elementalist began the quest for
                  | the Orb.
     0 | D:1      | Reached XP level 1. HP: 10/10 MP: 4/4
   266 | D:1      | Reached XP level 2. HP: 15/16 MP: 4/6
   950 | D:1      | Reached XP level 3. HP: 20/20 MP: 4/7
   954 | D:1      | Learned a level 2 spell: Swiftness
  1067 | D:1      | Reached skill level 1 in Fighting
  1947 | D:2      | Reached XP level 4. HP: 15/25 MP: 2/8
  2395 | D:3      | Found a faded altar of an unknown god.
  2540 | D:3      | Found a runed translucent door.
  2542 | D:3      | Noticed an orc warrior
  2545 | D:3      | Noticed bisexualwizard's ghost (weakling MiGl)
  2893 | D:3      | Noticed Robin
  2902 | D:3      | Killed Robin
  3603 | D:4      | Killed from afar by an orc priest

Illustrated notes

Levels and vault maps discovered:
D:1:      minmay_arrival_plants_in_alcoves, layout_rooms, hex_intersection
D:2:      layout_loops_ring
D:3:      layout_rooms, shapermc_ecumenical_altar_mp_ritualfount,
          ebering_ghost_inner_flame, uniq_robin
D:4:      layout_cave_pods, lemuel_zombie_altar_kikubaaqudgha, serial_glass,
          glass_columns_a, glass_columns_c, uniq_grinder,
          uniq_crazy_yiuf_cottage, uniq_sigmund

Skill      XL: |  1  2  3  4 |
---------------+-------------+-----
Conjurations   | 2 |  2.8
Fighting       | 1 |  1.6
Dodging        | 3 |  3.1
Stealth        | |  2.0
Spellcasting   | |  2.7
Air Magic      | |  4.8

Action                   |  1- 3 |  4- 6 || total
-------------------------+-------+-------++-------
Melee: Unarmed           |    21 |       ||    21
       Kick              |     6 |     4 ||    10
       Peck              |     5 |       ||     5
       Club              |    14 |     4 ||    18
       Morningstar       |       |    15 ||    15
 Cast: Shock             |    67 |    66 ||   133
  Use: Scroll            |     1 |     1 ||     2
Armor: Robe              |    10 |     5 ||    15
Dodge: Dodged            |    51 |    18 ||    69

Table legend: (Time is in decaauts)
 A = Elapsed time spent in this place.
 B = Non-inter-level travel time spent in this place.
 C = Inter-level travel time spent in this place.
 D = Time resting spent in this place.
 E = Time spent auto-exploring this place.
 F = Levels seen in this place.
 G = Mean time per level.
                   A        B        C        D        E       F      G
               +--------+--------+--------+--------+--------+-----+--------+
         Total |   3614 |   3540 |     74 |    347 |   2773 |   4 |  903.5 |
       Dungeon |   3614 |   3540 |     74 |    347 |   2773 |   4 |  903.5 |
               +--------+--------+--------+--------+--------+-----+--------+

Top non-repeatable levels by time:
     D:1: 1328 daAuts
     D:3: 1053 daAuts
     D:2: 1024 daAuts
     D:4: 208 daAuts
